 Dungeon Crawl Stone Soup version 0.19-a0-1091-g463c9de (webtiles) character file.

1284 JustSomeDude the Shield-Bearer (level 8, -9/66 HPs)
             Began as a Demonspawn Fighter on Aug 7, 2016.
             Was a Follower of Hepliaklqana.
             Mangled by an ogre
             ... wielding a +0 giant club
              (16 damage)
             ... on level 6 of the Dungeon.
             The game lasted 00:15:27 (4564 turns).

JustSomeDude the Shield-Bearer (Demonspawn Fighter) Turns: 4564, Time: 00:15:28

Health: -9/66      AC: 12    Str: 18      XL:     8   Next: 29%
Magic:  0/8        EV:  9    Int: 10      God:    Hepliaklqana [*.....]
Gold:   210        SH: 10    Dex: 12 (13) Spells: 0 memorised, 7 levels left

rFire  . . .     SeeInvis .     a - +1 trident
rCold  . . .     Gourm    .     b - +0 scale mail
rNeg   . . .     Faith    .     c - +0 shield
rPois  .         Spirit   +     (helmet restricted)
rElec  .         Dismiss  .     d - +0 cloak
rCorr  .         Reflect  .     (no gloves)
SustAt +         Harm     .     g - +0 pair of boots
MR     +....     Rnd*Rage +     i - amulet of guardian spirit
Stlth  ..........               e - ring of protection from magic
                                w - ring of sustain attributes

@:
A: antennae 1, claws 1, rugged brown scales 3, berserk 1, blink, screaming 1,
MP-powered wands
a: Blink, Recall Ancestor, Ancestor Identity, Renounce Religion


You were on level 6 of the Dungeon.
You worshipped Hepliaklqana.
Hepliaklqana was aware of your devotion.
You were not hungry.

You visited 2 branches of the dungeon, and saw 7 of its levels.

You collected 210 gold pieces.

Inventory:

Hand Weapons
 a - a +1 trident (weapon)
Armour
 b - a +0 scale mail (worn)
 c - a +0 shield (worn)
 d - a +0 cloak (worn)
 g - a +0 pair of boots (worn)
 h - a +0 helmet
 u - a +0 chain mail
Jewellery
 e - a ring of protection from magic (right claw)
 i - an amulet of guardian spirit (around neck)
 j - an uncursed ring of magical power
 p - an uncursed ring of stealth
 w - a ring of sustain attributes (left claw)
 A - an uncursed amulet of dismissal
Wands
 r - a wand of digging (14/24)
 x - a wand of iceblast (7/15)
 C - a wand of polymorph (14/24)
Scrolls
 f - 5 scrolls of remove curse
 n - a scroll of immolation {unknown}
 s - 2 scrolls of teleportation
 y - a scroll of identify {unknown}
Potions
 l - a potion of haste {unknown}
 m - a potion of heal wounds {unknown}
 o - a potion of degeneration
 q - a potion of agility {unknown}
 t - a potion of brilliance {unknown}
Books
 B - a Necronomicon

   Spells                             Type                      Level
   a - Haunt                          Necromancy/Summoning         7
   b - Borgnjor's Revivification      Necromancy                   8
   c - Death's Door                   Charms/Necromancy            8
   d - Infestation                    Necromancy                   8
   e - Necromutation                  Transmutation/Necromancy     8
Comestibles
 k - 8 fruits
 v - a bread ration
 z - a meat ration


   Skills:
 + Level 5.0 Fighting
 + Level 3.9 Polearms
 + Level 5.0 Armour
 + Level 4.1 Dodging
 + Level 0.6 Stealth
 + Level 5.2 Shields


You had 7 spell levels left.
You didn't know any spells.

Dungeon Overview and Level Annotations

Branches:
Dungeon (6/15)             Temple (1/1) D:4

Altars:
Ashenzari
Cheibriados
Dithmenos
Elyvilon
Fedhas
Gozag
Hepliaklqana
Kikubaaqudgha
Makhleb
Nemelex Xobeh
Okawaru
Pakellas
Qazlal
Ru
Sif Muna
Uskayaw
Vehumet
Xom
Yredelemnul
Zin


Innate Abilities, Weirdness & Mutations

You have sharp fingernails.
You are completely covered in rugged brown scales. (AC +3, +7% HP)
You have a pair of small antennae on your head.
You tend to lose your temper in combat.
You can translocate small distances at will.
You occasionally shout uncontrollably at your foes.
You expend magic power (3 MP) to strengthen your wands.


Message History

Blork the orc casts a spell.
Blork the orc flickers and vanishes!
Deactivating autopickup; reactivate with Ctrl-A.
Okay, then.
You puncture something!
Reactivating autopickup.
Your Fighting skill increases to level 5!
Your Armour skill increases to level 5!
You feel a bit more experienced.
You hit the ogre.
The ogre is lightly wounded.
The ogre hits you with a giant club!!
* * * LOW HITPOINT WARNING * * *
GrimReaper hits the ogre.
It was a potion of degeneration.
There was something very wrong with that liquid.
You feel weakened for a moment.
You feel dopey for a moment.
You feel somewhat clumsy. The ogre hits you with a giant club!
You die...

#...# #.# #...#
####.######
#...####..........
##...........######
.....####.####
#..###...# # #.
##......#......
##...###R..?.........#
.....W.O@###...$...###
#......### #.....###
#.....# #....## #...##
....## ... #...## ..
...## . ..##


You could see the friendly GrimReaper the ancestor, a phantom and an ogre.

Vanquished Creatures
  2 sky beasts
  A necrophage (D:4)
  A giant frog (D:6)
  Blork the orc (D:6)
  2 scorpions
  A giant frog zombie (D:3)
  A crimson imp (D:6)
  An orc priest (D:5)
  5 orc wizards
  2 worker ants
  4 gnolls
  4 adders
  3 oozes
  2 worms
  4 dart slugs
  5 giant geckos
  9 orcs
  A ball python (D:5)
  3 bats (D:1)
  2 giant cockroaches
  3 goblins
  10 hobgoblins
  11 jackals
  A quokka (D:3)
  A ball python skeleton (D:5)
  A giant gecko skeleton (D:4)
  5 giant newts
  2 jackal skeletons (D:5)
  9 kobolds
  9 rats
  A plant (D:3)
107 creatures vanquished.

Vanquished Creatures (collateral kills)
  A phantom (D:5)
  An ogre (D:6)
  A scorpion (D:5)
  A howler monkey (D:6)
  A worker ant (D:5)
  A hound skeleton (D:6)
  An adder (D:4)
  A quokka skeleton (D:6)
8 creatures vanquished.

Vanquished Creatures (others)
  An ancestor (D:6)
1 creature vanquished.

Grand Total: 116 creatures vanquished

Notes
Turn   | Place    | Note
-------+----------+-------------------------------------------
     0 | D:1      | JustSomeDude the Demonspawn Fighter began the quest for the Orb.
     0 | D:1      | Reached XP level 1. HP: 18/18 MP: 1/1
   100 | D:1      | Gained mutation: You have sharp fingernails. [demonic ancestry]
   100 | D:1      | Reached XP level 2. HP: 18/24 MP: 2/2
   568 | D:1      | Reached XP level 3. HP: 29/29 MP: 3/3
  1115 | D:2      | Found a burning altar of Makhleb.
  1438 | D:3      | Reached skill level 1 in Dodging
  1438 | D:3      | Gained mutation: You are partially covered in rugged brown scales. (AC +1, +3% HP) [demonic ancestry]
  1438 | D:3      | Reached XP level 4. HP: 18/38 MP: 4/4
  1488 | D:3      | Found a stormy altar of Qazlal.
  1760 | D:3      | Found a blossoming altar of Fedhas.
  1777 | D:3      | Gained mutation: You are mostly covered in rugged brown scales. (AC +2, +5% HP) [demonic ancestry]
  1777 | D:3      | Reached XP level 5. HP: 44/44 MP: 5/5
  2563 | D:4      | Noticed a necrophage
  2586 | D:4      | Killed a necrophage
  2586 | D:4      | Gained mutation: You are completely covered in rugged brown scales. (AC +3, +7% HP) [demonic ancestry]
  2586 | D:4      | Reached XP level 6. HP: 39/51 MP: 6/6
  2874 | D:4      | Found an iron altar of Okawaru.
  2874 | D:4      | Found an opulent altar of Gozag.
  2908 | D:4      | Found a staircase to the Ecumenical Temple.
  2952 | Temple   | Entered the Ecumenical Temple
  3056 | Temple   | Became a worshipper of Hepliaklqana
  3255 | D:4      | Noticed a sky beast
  3263 | D:4      | Killed a sky beast
  3635 | D:5      | Entered Level 5 of the Dungeon
  3653 | D:5      | Found an oddly glowing altar of Pakellas.
  3687 | D:5      | Reached XP level 7. HP: 55/58 MP: 7/7
  3886 | D:5      | Reached * piety under Hepliaklqana
  3894 | D:5      | Found an oddly glowing altar of Pakellas.
  4324 | D:6      | Found a shattered altar of Ashenzari.
  4358 | D:6      | Gained mutation: You have a pair of small antennae on your head. [mutagenic meat]
  4362 | D:6      | Gained mutation: You tend to lose your temper in combat. [mutagenic meat]
  4365 | D:6      | Gained mutation: You occasionally shout uncontrollably at your foes. [mutagenic meat]
  4368 | D:6      | Gained mutation: You expend magic power (3 MP) to strengthen your wands. [mutagenic meat]
  4371 | D:6      | Gained mutation: You can translocate small distances at will. [mutagenic meat]
  4407 | D:6      | Reached XP level 8. HP: 65/65 MP: 8/8
  4468 | D:6      | Reached skill level 5 in Shields
  4515 | D:6      | Noticed Blork the orc
  4562 | D:6      | Killed Blork the orc
  4562 | D:6      | Reached skill level 5 in Fighting
  4562 | D:6      | Reached skill level 5 in Armour
  4564 | D:6      | Mangled by an ogre

Vault maps used:
D:1:      dpeg_arrival_signposts
D:2:      nicolae_overflow_crystal_walls
D:3:      wad_lake_hut, grunt_temple_overflow_forces_of_nature,
          grunt_ministairs_10
D:4:      gammafunk_temple_overflow_wave, minmay_close_crescents
D:5:      kennysheep_mini, first_bread, basic_altar
D:6:      minmay_thick_lines, tso_altar, evilmike_ruin_ashenzari,
          corexii_leaking_fountain, uniq_blork_the_orc, uniq_menkaure
Temple:   dshaligram_water_room_temple

Skill      XL: |  1  2  3  4  5  6  7  8 |
---------------+-------------------------+-----
Polearms       | 2 3 |  3.9
Shields        | 3 4 5 |  5.2
Armour         | 3 4 5 |  5.0
Dodging        | 1 2 3 4 |  4.1
Fighting       | 4 5 |  5.0
Stealth        | |  0.6

Action                   |  1- 3 |  4- 6 |  7- 9 || total
-------------------------+-------+-------+-------++-------
Melee: Trident           |   166 |   211 |   174 ||   551
Invok: Ancestor Identity |       |     1 |       ||     1
  Use: Potion            |       |     3 |     1 ||     4
       Scroll            |       |     6 |       ||     6
  Eat: Chunk             |     2 |     3 |     7 ||    12
       Bread ration      |       |     1 |       ||     1
       Meat ration       |       |       |     1 ||     1
Armor: Scale mail        |    62 |    49 |    66 ||   177
       Skin              |       |    55 |       ||    55
Dodge: Dodged            |    38 |    48 |    45 ||   131
Block: Shield            |    61 |    88 |    75 ||   224
